 Dungeon Crawl Stone Soup version 0.28-a0-1159-g27aa881441 (webtiles) character file.

Game seed: 8852830359098140034

545467 GordonOverkill the Minotaur Ballista (level 24, -23/218 (247) HPs)
             Began as a Minotaur Cinder Acolyte on Dec 15, 2021.
             Was a Believer of Ignis.
             Killed from afar by a storm dragon (36 damage)
             ... with a bolt of lightning
             ... on level 4 of the Realm of Zot.
             The game lasted 03:07:35 (84703 turns).

GordonOverkill the Minotaur Ballista (MiCA)        Turns: 84703, Time: 03:07:37

HP:   -23/218 (247) AC: 48    Str: 27    XL:     24   Next: 88%
MP:   23/23         EV:  8    Int: 11    God:    Ignis [**....]
Gold: 2199          SH: 27    Dex: 10    Spells: 25/25 levels left

rFire   + + .      SeeInvis .   a - +9 broad axe (freeze)
rCold   + . .      Faith    .   c - +2 tower shield
rNeg    . . .      Spirit   .   q - +5 gold dragon scales
rPois   +          Reflect  +   i - +2 hat
rElec   .          Harm     .   H - +2 cloak
rCorr   .          Rampage  .   j - +2 pair of gloves {hurl}
Will    ++...                   P - +2 pair of boots {Fly}
Stlth   ..........              O - amulet of reflection
HPRegen 0.46/turn               N - ring of the Tortoise {AC+8}
MPRegen 0.18/turn               z - ring of willpower

@: flying, studying Summonings, heavily drained
A: horns 2, retaliatory headbutt
}: 3/15 runes: barnacled, silver, gossamer
a: Renounce Religion, Fiery Armour, Foxfire Swarm


You were on level 4 of the Realm of Zot.
You worshipped Ignis.
Ignis was pleased with you.
You visited 8 branches of the dungeon, and saw 44 of its levels.
You visited 1 bazaar.
You also visited: Sewer and Ice Cave.

You collected 8387 gold pieces.
You spent 6188 gold pieces at shops.

Inventory:

Hand Weapons
 a - a +9 broad axe of freezing (weapon)
 G - a +2 broad axe of holy wrath
Missiles
 f - 4 silver boomerangs
 x - 6 curare-tipped darts
 B - 17 javelins (quivered)
 K - 17 silver javelins
 Z - 8 throwing nets
Armour
 c - a +2 tower shield (worn)
 i - a +2 hat (worn)
 j - a +2 pair of gloves of hurling (worn)
 q - +5 gold dragon scales (worn)
 H - a +2 cloak (worn)
 P - a +2 pair of boots of flying (worn)
Jewellery
 b - a ring of willpower
 z - a ring of willpower (right hand)
 D - the ring "Yqenniz" {*Corrode rF+ Str+3 Int+3 Dex+6}
   (You took it off an orc warrior on level 14 of the Dungeon)

   [ring of dexterity]

   Str:       It affects your strength (+3).
   Int:       It affects your intelligence (+3).
   Dex:       It affects your dexterity (+6).
   rF:        It protects you from fire.
   *Corrode:  It may corrode you when you take damage.
 N - the ring of the Tortoise (left hand) {AC+8}
   (You found it on level 14 of the Dungeon)

   [ring of protection]

   AC:        It affects your AC (+8).
 O - an amulet of reflection (around neck)
 X - the ring of Luaskougu {rElec rN+ Int-5 Slay+4 Stlth+}
   (You bought it in a shop on level 2 of the Vaults)

   [ring of slaying]

   Int:       It affects your intelligence (-5).
   Slay:      It affects your accuracy & damage with ranged weapons and melee
   (+4).
   rElec:     It insulates you from electricity.
   rN:        It protects you from negative energy.
   Stlth:     It makes you more stealthy.
 Y - a +6 ring of dexterity
Wands
 y - a wand of mindburst (29)
 E - a wand of charming (13)
 F - a wand of polymorph (4)
 J - a wand of digging (19)
 R - a wand of iceblast (9)
 S - a wand of flame (19)
 U - a wand of paralysis (15)
 W - a wand of acid (18)
Scrolls
 e - a scroll of summoning
 h - 28 scrolls of teleportation
 k - 12 scrolls of fog
 l - 3 scrolls of blinking
 m - a scroll of enchant weapon
 o - 2 scrolls of magic mapping
 p - 11 scrolls of fear
 r - 11 scrolls of immolation
 s - a scroll of enchant armour
 L - 26 scrolls of identify
Potions
 d - 8 potions of ambrosia
 n - 11 potions of heal wounds
 t - 2 potions of cancellation
 u - 4 potions of haste
 w - 19 potions of curing
 A - 11 potions of invisibility
 C - 8 potions of mutation
 Q - a potion of berserk rage
 T - a potion of resistance
Miscellaneous
 g - a condenser vane
 v - a phial of floods
 I - a phantom mirror
 M - a tin of tremorstones (2/2)
 V - a box of beasts


   Skills:
 + Level 26.4 Fighting
 - Level 18.0 Axes
 O Level 27 Throwing
 - Level 18.0 Armour
 - Level 11.0 Dodging
 - Level 21.0 Shields
 - Level 1.0 Spellcasting
 - Level 2.1 Fire Magic
 - Level 11.0 Evocations


You had 25 spell levels left.
You didn't know any spells.
Your spell library contained the following spells:

 Spells                   Type           Power      Damage    Failure   Level
 Scorch                   Fire           10%        2d6       99%         2
 Animate Skeleton         Necr           0%         N/A       100%        1
 Freeze                   Ice            0%         1d3       100%        1
 Magic Dart               Conj           0%         1d3       100%        1
 Pain                     Necr           0%         1d4       100%        1
 Slow                     Hex            0%         N/A       100%        1
 Summon Small Mammal      Summ           0%         N/A       100%        1
 Passwall                 Tmut/Erth      0%         N/A       100%        2
 Searing Ray              Conj           0%         2d4       100%        2
 Call Canine Familiar     Summ           0%         N/A       100%        3
 Confusing Touch          Hex            0%         N/A       100%        3
 Conjure Flame            Conj/Fire      2%         6-21      100%        3
 Frozen Ramparts          Ice            0%         1d2       100%        3
 Gell's Gravitas          Tloc           0%         N/A       100%        3
 Ignite Poison            Fire/Tmut/Pois 2%         N/A       100%        3
 Inner Flame              Hex/Fire       2%         N/A       100%        3
 Ozocubu's Armour         Ice            0%         N/A       100%        3
 Portal Projectile        Hex/Tloc       0%         N/A       100%        3
 Summon Guardian Golem    Hex/Summ       0%         N/A       100%        3
 Swiftness                Air            0%         N/A       100%        3
 Teleport Other           Tloc           0%         N/A       100%        3
 Vampiric Draining        Necr           0%         2d6       100%        3
 Airstrike                Air            0%         N/A       100%        4
 Animate Armour           Summ/Erth      0%         N/A       100%        4
 Cause Fear               Hex            0%         N/A       100%        4
 Flame Wave               Conj/Fire      2%         2d4       100%        4
 Fulminant Prism          Conj/Hex       0%         3d6       100%        4
 Hailstorm                Conj/Ice       0%         3d3       100%        4
 Sticky Flame             Conj/Fire      2%         2d3       100%        4
 Summon Lightning Spire   Summ/Air       0%         N/A       100%        4
 Blade Hands              Tmut           0%         N/A       100%        5
 Excruciating Wounds      Necr           0%         N/A       100%        5
 Freezing Cloud           Conj/Ice/Air   0%         6-21      100%        5
 Lightning Bolt           Conj/Air       0%         1d11      100%        5
 Dispersal                Tloc           0%         N/A       100%        6
 Iron Shot                Conj/Erth      0%         9d1       100%        6
 Simulacrum               Ice/Necr       0%         N/A       100%        6
 Summon Cactus Giant      Summ           0%         N/A       100%        6
 Orb of Destruction       Conj           0%         N/A       100%        7
 Ozocubu's Refrigeration  Ice            0%         4d5       100%        7
 Spellforged Servitor     Conj/Summ      0%         N/A       100%        7
 Discord                  Hex            0%         N/A       100%        8
 Disjunction              Tloc           0%         N/A       100%        8
 Polar Vortex             Ice            0%         N/A       100%        9


Dungeon Overview and Level Annotations

Branches:
Dungeon (15/15)            Temple (0/1) D:7            Lair (6/6) D:11
 Shoals (4/4) Lair:3       Spider (4/4) Lair:2        Slime (0/5) Lair:6
    Orc (2/2) D:10            Elf (0/3) Orc:2        Vaults (5/5) D:13
  Crypt (0/3) Vaults:3     Depths (4/4) D:15            Zot (4/5) Depths:4
  Sewer (visited)           IceCv (visited)

Altars:
Dithmenos
Gozag
Hepliaklqana
Kikubaaqudgha
Makhleb
Okawaru
Qazlal
Ru
Sif Muna
Trog
Uskayaw
Vehumet
Zin
The Shining One
Beogh

Shops:
D:7 *(**(   D:8 !   Orc:1 *   Orc:2 *[*:*   Shoals:2 [   Vaults:1 (
Vaults:2 (==((

Portals:
Hell: Lair:6 Depths:1 Depths:2 Depths:3 Depths:4
Abyss: Depths:2 Depths:3
Pandemonium: Orc:2 Depths:2
Ziggurat: Depths:2

Annotations:
Spider:4 Nikola
Vaults:4 2 transporters, Mafumol's ghost, adept GrEE


Innate Abilities, Weirdness & Mutations

You have a pair of horns on your head.
You reflexively headbutt those who attack you in melee.


Message History

The bolt of lightning misses you.
You slash the green draconian! You freeze the green draconian.
You headbutt the green draconian!
You kill the green draconian!
The purple draconian shifter dies!
The storm dragon is engulfed in poison gas.
The storm dragon is poisoned.
You slice the storm dragon!! You freeze the storm dragon.
The storm dragon is lightly wounded.
The storm dragon is engulfed in poison gas.
The storm dragon looks even sicker.
The storm dragon completely misses you.
The storm dragon claws you but does no damage.
You block the storm dragon's attack.
You slice the storm dragon!! You freeze the storm dragon.
The storm dragon is heavily wounded.
The storm dragon is engulfed in poison gas.
The storm dragon looks even sicker.
The storm dragon breathes lightning at you.
The bolt of lightning hits you!!
* * * LOW HITPOINT WARNING * * *
The bolt of lightning hits you!
* * * LOW HITPOINT WARNING * * *
You hit the storm dragon but do no damage.
You headbutt the storm dragon.
The storm dragon is heavily wounded.
You hit the storm dragon but do no damage.
The storm dragon is heavily wounded.
You block the storm dragon's attack. x2
The storm dragon tramples you but does no damage.
You completely miss the storm dragon.
You headbutt the storm dragon, but do no damage.
The storm dragon is heavily wounded.
The storm dragon closely misses you. You block the storm dragon's attack. x2
You slash the storm dragon!
The storm dragon is severely wounded.
The storm dragon breathes lightning at you.
The bolt of lightning hits you!!
* * * LOW HITPOINT WARNING * * *
The bolt of lightning hits you!!!
You die...

##......## ##.......#.
##..#......[ ##..###.....|
####### ##..## #...... #...d§##
##..## #...... *#.###..# ##..##
##...... *#..**##.#######..##
##....... *#X.#***#.....D@†.##
##........
#..##***#.#####)..)####...#.....
#q##D,,*#.####°.....##...##.....
#q$dD,,,#q§........!....####....
#q...,,,####..##.......## ##...#
*,,,,,,,*##..####.....## ##...##
**,,,**,##..## ##...## ##..^##
******,,#..## ##....####..<## #
*****,,*#.## ##......##...## ##


You could see a storm dragon (very poisoned, catching breath).

Vanquished Creatures
  An ancient lich (Vaults:5)
  3 dread liches
  An orb of fire (Zot:2)
  A juggernaut (Depths:4)
  3 royal mummies (Depths:3)
  Frederick (Vaults:4)
  Saint Roka (Vaults:5)
  Xtahua (Vaults:3)
  A curse toe (Zot:3)
  5 caustic shrikes (Depths:4)
  13 golden dragons
  Jory (Vaults:4)
  Mlioglotl (Spider:3)
  16 tentacled monstrosities
  7 titans
  Asterion (Spider:3)
  A lich (Vaults:5)
  8 death cobs
  7 sphinxes
  Frances (D:13)
  A quicksilver dragon (Vaults:5)
  15 shadow dragons
  2 krakens
  10 storm dragons
  11 tengu reavers
  9 draconian monks
  5 fire giants
  The ghost of Hucluil the Destroyer, a journeyman NaIE of Cheibriados (D:15)
  3 draconian knights
  Louise (Spider:4)
  10 frost giants
  4 orc warlords
  9 draconian scorchers
  6 draconian stormcallers
  An angel (Depths:2)
  A deep elf sorcerer (Vaults:1)
  5 emperor scorpions
  5 ghost moths
  3 iron dragons
  22 vault wardens
  3 draconian shifters
  16 stone giants
  20 ironbound preservers
  2 reapers (IceCv)
  3 ironbound thunderhulks
  3 war gargoyles
  6 draconian annihilators
  27 very ugly things
  3 vampire knights
  11 black draconians
  2 deep elf annihilators
  2 deep elf demonologists
  20 green draconians
  8 yellow draconians
  10 red draconians
  3 entropy weavers
  10 white draconians
  6 spark wasps
  7 dire elephants
  A bunyip (shapeshifter) (Vaults:5)
  A minotaur (D:15)
  13 purple draconians
  3 crystal guardians
  The ghost of Htamos the Grappler, a journeyman TrBe of Trog (Orc:2)
  13 ettins
  2 mummy priests (Depths:3)
  5 merfolk javelineers
  11 fire dragons
  12 merfolk impalers
  2 deep elf high priests
  A fire dragon (shapeshifter) (Vaults:3)
  13 yaktaur captains
  The ghost of eflewb the Unseen, a journeyman SpEn of Dithmenos (D:14)
  3 great orbs of eyes
  6 hydras
  8 boulder beetles
  4 peacekeepers
  45 vault guards
  2 rakshasas
  A catoblepas (D:13)
  3 spriggan air magi
  A death knight (D:13)
  Erolcha (D:10)
  An alligator snapping turtle (Shoals:2)
  8 ice dragons
  3 caustic shrike simulacra (IceCv)
  13 merfolk aquamancers
  4 ogre magi
  A demonspawn (Orc:2)
  2 centaur warriors (D:15)
  9 two-headed ogres
  6 death yaks
  14 deep troll shamans
  8 ironbound frosthearts
  A two-headed ogre (shapeshifter) (Depths:4)
  2 satyrs
  2 vampire magi
  9 deep troll earth magi
  11 spriggan berserkers
  5 tengu warriors
  5 orc high priests
  A deep elf knight (Vaults:5)
  Urug (D:13)
  A storm dragon zombie (Depths:2)
  A shock serpent (shapeshifter) (Depths:4)
  A soul eater (Orc:2)
  2 skeletal warriors (D:13)
  11 iron trolls
  19 sea snakes
  A fire crab (shapeshifter) (Vaults:4)
  A sixfirhy (Lair:6)
  A glowing orange brain (shapeshifter) (Vaults:5)
  A death drake (shapeshifter) (D:15)
  5 glowing orange brains
  A swamp dragon (Zot:2)
  40 deep trolls
  2 bog bodies (IceCv)
  24 ironbound convokers
  8 necromancers
  5 phantasmal warriors
  11 harpies
  2 obsidian statues (IceCv)
  7 lindwurms
  13 wizards
  A deep elf archer (Vaults:4)
  15 orc knights
  20 orb spiders
  A deep elf zephyrmancer (D:15)
  40 wolf spiders
  11 orc sorcerers
  5 deep elf pyromancers
  8 fauns
  4 cyclopes
  14 manticores
  46 ugly things
  A fire giant zombie (Vaults:4)
  18 moths of wrath
  An elf zombie (Vaults:3)
  9 merfolk sirens
  11 elephants
  3 black mambas
  2 guardian serpents
  A stone giant skeleton (Vaults:4)
  Joseph (D:8)
  6 water nymphs
  3 smoke demons
  2 unseen horrors (D:12)
  3 orange demons
  Maggie (D:6)
  21 cane toads
  24 vault sentinels
  A torpor snail (shapeshifter) (Vaults:1)
  2 gargoyles
  4 komodo dragons
  4 centaur skeletons (D:13)
  2 kobold demonologists
  6 freezing wraiths
  2 rime drakes
  4 ice devils
  An anaconda simulacrum (IceCv)
  A rime drake (shapeshifter) (D:15)
  41 yaktaurs
  10 demonic crawlers
  4 tengu conjurers
  2 golden dragon simulacra (IceCv)
  8 wind drakes
  A polar bear (Lair:6)
  A queen bee (Lair:2)
  A tyrant leech (shapeshifter) (Vaults:5)
  2 red devils (Lair:6)
  37 merfolk
  3 trolls
  11 hornets
  A tengu simulacrum (Vaults:4)
  A wind drake (shapeshifter) (Vaults:3)
  A meliai (shapeshifter) (Vaults:5)
  45 jumping spiders
  20 blink frogs
  A human skeleton (Vaults:3)
  A blink frog (shapeshifter) (Vaults:3)
  A sphinx simulacrum (Depths:2)
  A dream sheep (Lair:6)
  24 slime creatures
  11 snapping turtles
  2 shadows
  6 spriggans
  27 water elementals
  65 redbacks
  60 yaks
  Sigmund (D:6)
  28 tarantellas
  5 wraiths
  5 vampires
  7 wyverns
  A basilisk (shapeshifter) (Vaults:3)
  2 vampire mosquitoes (D:15)
  5 basilisks
  4 steam dragons
  A warg (Orc:2)
  Menkaure (D:6)
  A swamp worm (shapeshifter) (Vaults:5)
  An acid dragon (D:14)
  2 hydra simulacra (IceCv)
  17 water moccasins
  5 hell hounds (Lair:6)
  3 floating eyes
  A floating eye (shapeshifter) (D:15)
  34 orc warriors
  An ice beast (D:7)
  9 black bears
  3 ettin simulacra (IceCv)
  3 boggarts
  A necrophage (D:7)
  An ogre (shapeshifter) (Vaults:3)
  9 ogres
  10 wolves
  A phantom (D:6)
  10 centaurs
  An elf simulacrum (Vaults:3)
  4 kobold brigands
  19 bullfrogs
  A deep troll simulacrum (IceCv)
  A glowing shapeshifter simulacrum (Depths:2)
  6 scorpions
  A water moccasin zombie (D:6)
  A wyvern skeleton (D:7)
  15 killer bees (Lair:2)
  10 wights
  7 electric eels
  3 howler monkeys
  3 jellies
  3 lava snakes (Lair:1)
  3 centaur zombies
  20 orc priests
  2 gnoll shamans
  2 hounds (D:7)
  Natasha (thrice) (D:2)
  3 iguanas
  10 orc wizards
  A killer bee zombie (D:7)
  A hound skeleton (D:4)
  A howler monkey skeleton (D:5)
  9 gnolls
  7 adders
  7 river rats
  2 shadow imps
  A worm (D:3)
  3 dart slugs (D:1)
  75 orcs
  7 endoplasms
  4 giant cockroaches
  A goblin (D:3)
  6 hobgoblins
  3 jackals (D:1)
  16 kobolds
  4 quokkas
  13 ball pythons
  5 bats
  8 frilled lizards
  14 rats
  4 tentacles
1945 creatures vanquished.

Vanquished Creatures (collateral kills)
  A deep troll earth mage (Depths:3)
  A basilisk (Lair:6)
2 creatures vanquished.

Vanquished Creatures (others)
  A draconian knight (Zot:3)
  A draconian shifter (Zot:4)
  A draconian annihilator (Zot:4)
  A merfolk impaler (Shoals:3)
  A boulder beetle (Lair:1)
  A vampire mage (Depths:2)
  A wizard (Lair:6)
  A manticore (Shoals:3)
  A hornet (Depths:3)
  A bush (Lair:6)
  17 foxfires (D:10)
  54 fungi
  98 plants
  2 starspawn tentacles (Spider:3)
  7 tentacles
188 creatures vanquished.

Grand Total: 2135 creatures vanquished

Notes
Turn   | Place    | Note
-------+----------+-------------------------------------------
     0 | D:1      | GordonOverkill the Minotaur Cinder Acolyte began the quest
                  | for the Orb.
     0 | D:1      | Reached XP level 1. HP: 19/19 MP: 1/1
   540 | D:1      | Reached XP level 2. HP: 27/27 MP: 2/2
   781 | D:1      | Found a faded altar of an unknown god.
  1108 | D:1      | Reached XP level 3. HP: 34/34 MP: 3/3
  1507 | D:2      | Noticed Natasha
  1521 | D:2      | Killed Natasha
  1535 | D:2      | Noticed Natasha
  1783 | D:2      | Killed Natasha
  1784 | D:2      | Reached skill level 5 in Fighting
  1784 | D:2      | Reached skill level 5 in Axes
  1784 | D:2      | Reached XP level 4. HP: 33/42 MP: 4/4
  1938 | D:2      | Noticed Natasha
  1949 | D:2      | Killed Natasha
  2580 | D:3      | Reached XP level 5. HP: 48/48 MP: 5/5
  2895 | D:3      | Found a glowing silver altar of Zin.
  2898 | D:3      | Found a stormy altar of Qazlal.
  3958 | D:4      | Found an ancient bone altar of Kikubaaqudgha.
  3961 | D:4      | Found a shimmering blue altar of Sif Muna.
  3964 | D:4      | Found a radiant altar of Vehumet.
  3968 | D:4      | Got Kikubaaqudgha's Almanac of Unholy Magic
  4345 | D:4      | Found a shadowy altar of Dithmenos.
  4347 | D:4      | Noticed a black bear
  4357 | D:4      | Killed a black bear
  4358 | D:4      | Reached skill level 1 in Throwing
  4358 | D:4      | Reached skill level 1 in Shields
  4358 | D:4      | Reached XP level 6. HP: 57/57 MP: 6/6
  4614 | D:5      | Entered Level 5 of the Dungeon
  4968 | D:5      | Found a glowing drain.
  5011 | Sewer    | Entered a sewer
  5388 | Sewer    | Reached skill level 2 in Throwing
  5727 | D:5      | Reached XP level 7. HP: 64/64 MP: 7/7
  5737 | D:5      | Reached skill level 1 in Evocations
  5997 | D:5      | Found a glowing golden altar of the Shining One.
  6379 | D:6      | Noticed Sigmund
  6537 | D:6      | Killed Sigmund
  6538 | D:6      | Reached skill level 3 in Throwing
  6558 | D:6      | Noticed Maggie
  6579 | D:6      | Reached XP level 8. HP: 28/73 MP: 8/8
  6581 | D:6      | Killed Maggie
  6741 | D:6      | Noticed Menkaure
  6753 | D:6      | Killed Menkaure
  6794 | D:6      | Reached skill level 4 in Throwing
  6898 | D:6      | Reached skill level 5 in Shields
  7524 | D:7      | Found Veunie's Assorted Antiques.
  7526 | D:7      | Bought a scroll labelled REKHUA YDWEN for 29 gold pieces
  7555 | D:7      | Found Aboik's Weapon Shop.
  7621 | D:7      | Reached XP level 9. HP: 79/81 MP: 9/9
  7837 | D:7      | Noticed a purple ugly thing
  7854 | D:7      | Killed a purple ugly thing
  7855 | D:7      | Reached skill level 5 in Throwing
  8087 | D:7      | Found a staircase to the Ecumenical Temple.
  8170 | D:7      | Found Quefihoi's Assorted Antiques.
  8318 | D:7      | Found Cueciyji's Weapon Shoppe.
  8335 | D:7      | Found Meogy's Assorted Antiques.
  8769 | D:8      | Noticed Joseph
  8837 | D:8      | Killed Joseph
  8838 | D:8      | Reached skill level 6 in Throwing
  8900 | D:8      | Found Gajeavosyh's Distillery.
  9193 | D:8      | Reached XP level 10. HP: 82/91 MP: 10/10
  9710 | D:8      | Reached skill level 10 in Axes
 10006 | D:7      | Bought 2 murky silvery potions for 57 gold pieces
 10006 | D:7      | Bought a scroll of identify for 64 gold pieces
 10006 | D:7      | Bought a scroll of identify for 64 gold pieces
 10122 | D:9      | Reached skill level 10 in Fighting
 10122 | D:9      | Noticed a sun demon
 10125 | D:9      | Noticed an orange demon
 10253 | D:9      | Reached skill level 7 in Throwing
 10316 | D:9      | Identified the +5 ring mail "Nouk" {Dex+3}
 10714 | D:9      | Found a hazy altar of Hepliaklqana.
 10717 | D:9      | Found a sacrificial altar of Ru.
 10731 | D:9      | Found a burning altar of Makhleb.
 10744 | D:9      | Found an iron altar of Okawaru.
 11172 | D:10     | Entered Level 10 of the Dungeon
 11212 | D:10     | Noticed Erolcha
 11227 | D:10     | Killed Erolcha
 11469 | D:10     | Noticed a gargoyle
 11476 | D:10     | Killed a gargoyle
 11650 | D:10     | Found a staircase to the Orcish Mines.
 11801 | D:10     | Reached XP level 11. HP: 99/99 MP: 11/11
 11809 | D:10     | Reached skill level 8 in Throwing
 12061 | D:11     | Reached skill level 10 in Shields
 12179 | D:11     | Found a staircase to the Lair.
 12613 | D:11     | Noticed a two-headed ogre
 12622 | D:11     | Killed a two-headed ogre
 12623 | D:11     | Reached skill level 9 in Throwing
 12623 | D:11     | Reached skill level 5 in Evocations
 12864 | Lair:1   | Entered Level 1 of the Lair of Beasts
 12918 | Lair:1   | Found a runed translucent door.
 13429 | Lair:1   | Reached XP level 12. HP: 106/106 MP: 12/12
 13644 | Lair:1   | Reached skill level 10 in Throwing
 13646 | Lair:1   | Found a runed translucent gate.
 13646 | Lair:1   | Found a runed translucent gate.
 13646 | Lair:1   | Found a runed translucent gate.
 13646 | Lair:1   | Found a runed translucent gate.
 13646 | Lair:1   | Found a runed translucent gate.
 13646 | Lair:1   | Found a runed translucent gate.
 13646 | Lair:1   | Noticed a boulder beetle
 13646 | Lair:1   | Noticed a boulder beetle
 13647 | Lair:1   | Noticed a boulder beetle
 13668 | Lair:1   | Killed a boulder beetle
 13673 | Lair:1   | Killed a boulder beetle
 14371 | Lair:2   | Noticed a five-headed hydra
 14384 | Lair:2   | Killed a one-headed hydra
 14811 | Lair:2   | Found a hole to the Spider Nest.
 14851 | Lair:2   | Reached skill level 10 in Evocations
 14872 | Lair:2   | Got Sif Muna's Tome of Ensnaring Stones
 14946 | Lair:2   | Reached skill level 1 in Armour
 14957 | Lair:2   | Reached skill level 1 in Dodging
 16384 | Lair:3   | Reached XP level 13. HP: 114/114 MP: 13/13
 17276 | Lair:3   | Found a staircase to the Shoals.
 17352 | Lair:3   | Identified the +2 robe of Fallacy {rC+ Dex-5 Stlth+}
 17506 | Lair:4   | Identified a scroll of acquirement
 17506 | Lair:4   | Acquired 1007 gold pieces
 19216 | Lair:3   | Reached skill level 5 in Armour
 19594 | Lair:5   | Reached skill level 15 in Axes
 19717 | Lair:5   | Reached skill level 5 in Dodging
 20157 | Lair:6   | Entered Level 6 of the Lair of Beasts
 21043 | Lair:6   | Found a staircase to the Slime Pits.
 21449 | Lair:6   | Reached XP level 14. HP: 98/127 MP: 14/14
 22468 | Lair:6   | Reached skill level 11 in Throwing
 22755 | Lair:6   | Found a burning altar of Makhleb.
 22763 | Lair:6   | Found a gateway to Hell.
 22768 | Lair:6   | Identified the +11 short sword "Xilluin" {venom, Str+3
                  | Int+2 Stlth-}
 23665 | D:12     | Found an opulent altar of Gozag.
 24385 | D:13     | Noticed Frances
 24401 | D:13     | Killed Frances
 24848 | D:13     | Found a gate to the Vaults.
 25022 | D:13     | Reached skill level 12 in Throwing
 25599 | D:13     | Noticed Urug
 25611 | D:13     | Killed Urug
 26576 | D:14     | Found a runed translucent gate.
 26576 | D:14     | Found a runed translucent gate.
 26576 | D:14     | Found a runed translucent gate.
 26578 | D:14     | Identified the +2 plate armour of Gyiv {Str+4}
 26582 | D:14     | Noticed eflewb's ghost (journeyman SpEn)
 26583 | D:14     | Identified the +0 kite shield of the Heavens {rElec Str+4
                  | Stlth-}
 26583 | D:14     | Identified the ring "Yqenniz" {*Corrode rF+ Str+3 Int+3
                  | Dex+6}
 26818 | D:14     | Found the ring of the Tortoise {AC+8}
 26992 | D:14     | Reached XP level 15. HP: 138/139 MP: 15/15
 27341 | D:14     | Killed eflewb's ghost
 28041 | D:15     | Entered Level 15 of the Dungeon
 28068 | D:15     | Noticed Hucluil's ghost (journeyman NaIE)
 28078 | D:15     | Found a runed translucent gate.
 28078 | D:15     | Found a runed translucent gate.
 28078 | D:15     | Found a runed translucent gate.
 28119 | D:15     | Reached skill level 15 in Fighting
 28541 | D:15     | Reached skill level 13 in Throwing
 29060 | D:15     | Found a staircase to the Depths.
 29463 | D:15     | Killed Hucluil's ghost
 29847 | Orc:1    | Entered Level 1 of the Orcish Mines
 29939 | Orc:2    | Entered Level 2 of the Orcish Mines
 29980 | Orc:2    | Found a staircase to the Elven Halls.
 30000 | Orc:2    | Found Sushel's General Store.
 30079 | Orc:2    | Bought 2 silver boomerangs for 48 gold pieces
 30114 | Orc:2    | Found a transporter.
 30114 | Orc:2    | Noticed Htamos's ghost (journeyman TrBe)
 30258 | Orc:2    | Found a transporter.
 30546 | Orc:1    | Found Eluist's Assorted Antiques.
 30549 | Orc:1    | Bought a fizzy coppery potion for 27 gold pieces
 30602 | Orc:2    | Found Vinifiu's General Store.
 30605 | Orc:2    | Found Onokhlidi's General Store.
 30864 | Orc:2    | Reached skill level 14 in Throwing
 31540 | Orc:2    | Paralysed by an orc sorcerer for 5 turns
 31754 | Orc:2    | Paralysed by an orc sorcerer for 4 turns
 31769 | Orc:2    | Found Ygyopeuph's Antique Armour Emporium.
 31769 | Orc:2    | Found Baxugig's Book Shoppe.
 31770 | Orc:2    | Found a one-way gate leading to the halls of Pandemonium.
 31776 | Orc:2    | Bought a pair of glowing gloves for 292 gold pieces
 31996 | Orc:2    | Killed Htamos's ghost
 32141 | Orc:2    | Bought a scroll of teleportation for 42 gold pieces
 32141 | Orc:2    | Bought a potion of heal wounds for 70 gold pieces
 32143 | Orc:2    | Bought a potion of heal wounds for 70 gold pieces
 32143 | Orc:2    | Bought 6 curare-tipped darts for 50 gold pieces
 32248 | D:8      | Bought a potion of mutation for 128 gold pieces
 32248 | D:8      | Bought a potion of might for 64 gold pieces
 32248 | D:8      | Bought 2 potions of heal wounds for 160 gold pieces
 32248 | D:8      | Bought a potion of curing for 48 gold pieces
 32248 | D:8      | Bought a potion of invisibility for 128 gold pieces
 32248 | D:8      | Bought a potion of heal wounds for 80 gold pieces
 32295 | D:7      | Bought a scroll of fear for 112 gold pieces
 32295 | D:7      | Bought a scroll of fog for 64 gold pieces
 32323 | D:7      | Bought an aquamarine-encrusted chain mail for 275 gold
                  | pieces
 32323 | D:7      | Identified the +1 chain mail "Juhauqes" {Fly rElec Will+++
                  | Dex-5} (You bought it in a shop on level 7 of the Dungeon)
 32323 | D:7      | Bought a scroll of teleportation for 87 gold pieces
 32395 | D:7      | Bought a scroll of enchant armour for 225 gold pieces
 32395 | D:7      | Bought a potion of curing for 90 gold pieces
 32395 | D:7      | Bought a scroll of teleportation for 90 gold pieces
 32601 | Spider:1 | Entered Level 1 of the Spider Nest
 32753 | Spider:1 | Reached XP level 16. HP: 129/149 MP: 16/16
 33204 | Spider:1 | Reached skill level 15 in Throwing
 33425 | Spider:1 | Identified the +5 glaive "Pephag" {vorpal, Str+3 Stlth+}
 33914 | Spider:2 | Reached skill level 15 in Shields
 35354 | Spider:3 | Noticed Mlioglotl
 35363 | Spider:3 | Noticed a tentacled starspawn
 35374 | Spider:3 | Killed Mlioglotl
 36762 | Spider:3 | Noticed Asterion
 36767 | Spider:3 | Killed Asterion
 36884 | Spider:4 | Entered Level 4 of the Spider Nest
 36975 | Spider:4 | Noticed Nikola
 37539 | Spider:4 | Noticed Louise
 37547 | Spider:4 | Killed Louise
 37548 | Spider:4 | Reached XP level 17. HP: 155/159 MP: 17/17
 37563 | Spider:4 | Reached skill level 16 in Throwing
 37965 | Spider:4 | Reached skill level 10 in Armour
 38203 | Spider:4 | Got a gossamer rune of Zot
 38652 | Vaults:1 | Entered Level 1 of the Vaults
 38678 | Vaults:1 | Found Megeb's Antique Weapon Shop.
 38808 | D:13     | Paralysed by a sphinx for 7 turns
 39141 | Vaults:1 | Reached skill level 17 in Throwing
 40364 | Vaults:1 | Reached skill level 18 in Throwing
 40812 | Vaults:1 | Reached XP level 18. HP: 172/172 MP: 18/18
 41816 | Vaults:2 | Found Wuiratur's Antique Weapon Shop.
 42266 | Vaults:2 | Paralysed by a floating eye for 3 turns
 42400 | Vaults:2 | Identified the ring of Rusunyd {*Slow rElec rC+ MP+9 Dex+2}
 42421 | Vaults:2 | Paralysed by an ogre mage for 6 turns
 43323 | Vaults:2 | Acquired a manual of Armour
 43337 | Vaults:2 | Found Usula's Jewellery Boutique.
 44611 | Vaults:2 | Found Plog's Jewellery Emporium.
 44619 | Vaults:2 | Bought the ring of Luaskougu {rElec rN+ Int-5 Slay+4
                  | Stlth+} for 1593 gold pieces
 44631 | Vaults:2 | Found Sedahua's Antique Weapon Emporium.
 44723 | Vaults:2 | Found Megeb's Weapon Shoppe.
 44869 | Vaults:2 | Found the +6 shillelagh "Devastator" {shatter}
 44991 | Vaults:2 | Identified the +0 pair of boots of Doatuk {Harm Str+2
                  | Slay+3 Stlth+}
 46325 | Vaults:3 | Noticed Xtahua
 46328 | Vaults:3 | Paralysed by Xtahua for 7 turns
 46339 | Vaults:3 | Killed Xtahua
 46706 | Vaults:3 | Reached skill level 19 in Throwing
 46711 | Vaults:3 | Reached XP level 19. HP: 149/182 MP: 19/19
 46725 | Vaults:3 | Reached skill level 15 in Armour
 47753 | Vaults:3 | Found a staircase to the Crypt.
 48472 | Vaults:3 | Identified the +5 hand crossbow "Reoth" {penet, Fragile rN+
                  | Str+2}
 48669 | Vaults:3 | Found the +4 dagger "Morg" {pain, Will+ Int+5}
 49624 | Vaults:4 | Found a transporter.
 49626 | Vaults:4 | Found a transporter.
 49634 | Vaults:4 | Noticed Mafumol's ghost (adept GrEE)
 49637 | Vaults:4 | Found a bloodstained altar of Trog.
 50772 | Vaults:4 | Reached XP level 20. HP: 145/193 MP: 20/20
 51456 | Vaults:2 | Bought a ring of willpower for 450 gold pieces
 51652 | Shoals:1 | Entered Level 1 of the Shoals
 51844 | Shoals:1 | Reached skill level 20 in Throwing
 53259 | Shoals:2 | Found Siucraysh's Armour Emporium.
 53284 | Shoals:2 | Bought the +7 plate armour of the Lonely Spines {Will+
                  | Int+4} for 1106 gold pieces
 55761 | Shoals:4 | Entered Level 4 of the Shoals
 55795 | Shoals:4 | Found a flickering gateway to a bazaar.
 55814 | Bazaar   | Entered a bazaar
 55835 | Bazaar   | Found Rirchis's Assorted Antiques.
 55851 | Bazaar   | Found Gatrales's Distillery.
 55867 | Bazaar   | Found Vualust's Magic Scroll Emporium.
 55872 | Bazaar   | Bought a scroll of blinking for 135 gold pieces
 55872 | Bazaar   | Bought a scroll of enchant weapon for 135 gold pieces
 55872 | Bazaar   | Bought a scroll of enchant weapon for 135 gold pieces
 55872 | Bazaar   | Bought a scroll of enchant armour for 135 gold pieces
 55872 | Bazaar   | Bought a scroll of enchant weapon for 135 gold pieces
 55886 | Bazaar   | Found Fejuameh's Antique Weapon Emporium.
 55886 | Bazaar   | Found Tamot's Antique Armour Shoppe.
 55947 | Shoals:4 | Found a frozen archway.
 55963 | IceCv    | Entered an ice cave
 57656 | Shoals:4 | Identified the +3 ring mail "Ixud" {rC+ rN+ Int-5 Dex+6}
 58358 | Shoals:4 | Got a barnacled rune of Zot
 58847 | Depths:1 | Entered Level 1 of the Depths
 58959 | D:15     | Reached XP level 21. HP: 178/202 MP: 21/21
 59574 | Depths:1 | Found a hide-covered altar of Uskayaw.
 60813 | Depths:2 | Found a one-way gate to the infinite horrors of the Abyss.
 61119 | Depths:2 | Reached skill level 21 in Throwing
 62146 | Depths:2 | Found a one-way gateway to a ziggurat.
 63061 | Depths:3 | Identified the +2 chain mail of Girphik {Will+}
 63067 | Depths:3 | You are sucked into a shaft and drop 1 floor!
 63067 | Depths:4 | Entered Level 4 of the Depths
 63147 | Depths:3 | Reached skill level 22 in Throwing
 64046 | Depths:3 | Found a radiant altar of Vehumet.
 64188 | Depths:3 | Noticed a royal mummy
 64199 | Depths:3 | Killed a royal mummy
 64215 | Depths:3 | Noticed a royal mummy
 64227 | Depths:3 | Killed a royal mummy
 64231 | Depths:3 | Reached XP level 22. HP: 87/213 MP: 22/22
 64235 | Depths:3 | Noticed a royal mummy
 64241 | Depths:3 | Reached skill level 23 in Throwing
 64250 | Depths:3 | Killed a royal mummy
 64624 | Depths:3 | Found the +7 sceptre of Torment {pain, torment}
 64949 | Depths:4 | Noticed a caustic shrike
 64951 | Depths:4 | Noticed a caustic shrike
 64952 | Depths:4 | Noticed a caustic shrike
 64954 | Depths:4 | Noticed a caustic shrike
 64955 | Depths:4 | Noticed a caustic shrike
 64963 | Depths:4 | Killed a caustic shrike
 64970 | Depths:4 | Killed a caustic shrike
 64971 | Depths:4 | Killed a caustic shrike
 64985 | Depths:4 | Killed a caustic shrike
 64986 | Depths:4 | Killed a caustic shrike
 65580 | Depths:4 | Found a gate to the Realm of Zot.
 65580 | Depths:4 | Noticed a golden dragon
 65580 | Depths:4 | Noticed a golden dragon
 65580 | Depths:4 | Noticed a golden dragon
 65596 | Depths:4 | Killed a golden dragon
 65630 | Depths:4 | Killed a golden dragon
 66053 | Depths:4 | Killed a golden dragon
 66063 | Depths:4 | Reached skill level 24 in Throwing
 66435 | Depths:4 | Noticed a juggernaut
 66452 | Depths:4 | Killed a juggernaut
 66930 | Vaults:5 | Entered Level 5 of the Vaults
 66937 | Vaults:5 | Noticed Jory
 67300 | Vaults:4 | Killed Jory
 67567 | Vaults:5 | Noticed a dread lich
 67569 | Vaults:5 | Noticed an ancient lich
 67765 | Vaults:4 | Killed a dread lich
 68138 | Vaults:4 | Reached skill level 25 in Throwing
 69216 | Vaults:5 | Noticed Frederick
 69542 | Vaults:5 | Noticed a dread lich
 69546 | Vaults:4 | Paralysed by a sphinx for 6 turns
 69940 | Vaults:4 | Found a transporter.
 69940 | Vaults:4 | Found a transporter.
 69943 | Vaults:4 | Found a bloodstained altar of Trog.
 70419 | Vaults:4 | Killed Frederick
 70763 | Vaults:4 | Reached XP level 23. HP: 89/220 MP: 23/23
 71239 | Vaults:5 | Noticed a dread lich
 71243 | Vaults:5 | Killed a dread lich
 71246 | Vaults:5 | Reached skill level 26 in Throwing
 71706 | Vaults:5 | Killed an ancient lich
 71895 | Vaults:5 | Got a silver rune of Zot
 71935 | Vaults:5 | Killed a dread lich
 71995 | Vaults:5 | Noticed Saint Roka
 72020 | Vaults:5 | Killed Saint Roka
 73080 | Vaults:5 | Identified the +9 hunting sling of Piym {flame, Will+}
 73559 | Vaults:5 | Reached skill level 27 in Throwing
 74335 | Zot:1    | Entered Level 1 of the Realm of Zot
 75789 | Zot:2    | Noticed an orb of fire
 75792 | Zot:2    | Killed an orb of fire
 76465 | Zot:2    | Reached skill level 10 in Dodging
 76765 | Zot:2    | You are sucked into a shaft and drop 2 floors!
 77558 | Zot:4    | Reached XP level 24. HP: 218/233 MP: 23/23
 78494 | Zot:3    | Identified the +7 falchion of the Peculiar Thickets {holy,
                  | rF+ rC+ Dex+6}
 82892 | Zot:2    | Identified the +1 plate armour of Hepliaklqana {Str-4 Int+3
                  | Stlth+}
 84703 | Zot:4    | Killed from afar by a storm dragon

Illustrated notes

Levels and vault maps discovered:
D:1:      nzn_arrival_crosshair, layout_basic, ebering_ecumenical_altar_rust,
          minmay_hedge_maze, minmay_tetromino_l4
D:2:      layout_rooms, uniq_natasha
D:3:      layout_basic, minitemple, chequers_serial_rivers_micro_b,
          kennysheep_crisscross, item_on_display_a
D:4:      layout_loops_corners, grunt_temple_overflow_magic_moments,
          nicolae_overflow_crystal_walls
D:5:      layout_loops_corners, tso_oasis_becter, portal_sewer_entry_e,
          kennysheep_minor_cross, hangedman_decor_clover_reticule
D:6:      layout_cave_pods, uniq_sigmund, uniq_maggie, uniq_menkaure
D:7:      cheibrodos_steamvent, layout_loops_ring,
          minmay_temple_entry_mini_moons, serial_shops,
          nicolae_shop_overgrown_old_shop, kennysheep_mini,
          nicolae_shop_bloodbath_and_beyond, shop, nicolae_take_the_stairs,
          st_stairs_4
D:8:      layout_basic, serial_shops, nicolae_shop_hallway_plus,
          water_maze_lemuel, uniq_joseph
D:9:      layout_loops_ring, grunt_temple_overflow_cloverleaf, the_hattery
D:10:     layout_irregular_city, orc_0_dummy, uniq_erolcha
D:11:     layout_small_grid, lair_entry_dummy
D:12:     layout_basic, nicolae_gozag_cash_rules_everything_around_me
D:13:     layout_roguey, hangedman_vaults_entry_quadrant_bands, uniq_frances,
          uniq_urug
D:14:     layout_long_grid, gauntlet_entry_generic, biasface_ghost_orc_armoury,
          minivault_27
D:15:     hangedman_depths_entry_civil_slaughter, layout_basic, minivault_25,
          maelrawn_ghost_gauntlet_escape, moated_statue
Lair:1:   gammafunk_indiana_jones, layout_chaotic_city
Lair:2:   layout_cave_pods, spider_nest_entry_a, special_room
          [special_room_bee], beast_lair_carwin_7
Lair:3:   layout_regular_city, elwin_shoals_entry_rooms, beast_lair_carwin_3
Lair:4:   layout_cave_pods, lemuel_fruit_fields, infiniplex_staircase_pool_2
Lair:5:   layout_roguey, grunt_megastairs_5
Lair:6:   evil_forest, layout_cellular_growth, nicolae_slime_entry_slimehenge
Shoals:1: layout_shoals
Shoals:2: cheibrodos_shoals_epimethial_gifts, layout_shoals, serial_shops, shop
Shoals:3: cheibrodos_shoals_baths, layout_shoals, nicolae_splish_splash
Shoals:4: shoals_end_simple, layout_shoals, portal_ice_cave_entry_pillars_three,
          serial_shops, bzr_entry_gold
Spider:1: layout_spider_delve
Spider:2: layout_chambers, hangedman_spider_tarantella_strand
Spider:3: layout_chambers, nicolae_spider_bug_shape, uniq_asterion,
          uniq_mlioglotl
Spider:4: grunt_spider_rune_parallel, uniq_louise, uniq_nikola
Orc:1:    layout_caves, serial_shops, nicolae_shop_behind_doors, mines2_lemuel
Orc:2:    pf_orc_diabolical, layout_caves, gammafunk_ghost_arena, serial_shops,
          nicolae_shop_statue_plus, lemuel_statue_altar
Vaults:1: ontoclasm_vaults_ligature, nicolae_vaults_network_periphery,
          vaults_room_door_hall, v_misc_24, v_misc_26, st_cells, v_pattern_1,
          v_misc_22, nicolae_vaults_alarming, layout_vaults_chaotic_city,
          serial_shops, nicolae_shop_window_shopping
Vaults:2: st_greater_box_1, ontoclasm_vaults_loading_screen,
          vaults_mumra_chevron, vaults_room_pool, grunt_vaults_hallway_short,
          nicolae_vaults_what_the_h, v_misc_27, nicolae_vaults_little_squares_2,
          grunt_vaults_hallway_long, layout_vaults_omnicross, serial_shops,
          shop_statue, shop, shop, shop, shop
Vaults:3: nicolae_vaults_theta, minmay_crypt_entry_vampire_xt,
          grunt_vaults_hallway_short, st_greater_box_3,
          hangedman_vaults_corner_blocks, hangedman_vaults_cutoff,
          vaults_mumra_minichess, nicolae_vaults_big_ls,
          nicolae_vaults_circle_grid_b, v_misc_10, ontoclasm_vaults_shuriken,
          v_misc_19, layout_vaults_omnibox, uniq_xtahua
Vaults:4: gammafunk_ghost_wrathful_warriors, v_misc_3, v_pattern_2,
          nicolae_vaults_little_squares_3, nicolae_vaults_border_crossing,
          nicolae_vaults_little_squares_1, vaults_dpeg_diagonal, v_misc_13,
          v_rooms_5, vaults_dpeg_cross, vaults_room_corners,
          ontoclasm_vaults_bender, nicolae_vaults_gold_heap, layout_vaults_ring,
          serial_glass
Vaults:5: uniq_saint_roka, uniq_jory, uniq_frederick
Depths:1: layout_cave_pools, hell_entry, serial_sigils_hangedman_gut,
          st_stairs_10, minmay_tree_intersection,
          nicolae_uskayaw_murder_on_the_dancefloor, serial_bayou_shore_a
Depths:2: nooodl_glass_maze, layout_cross, enter_ziggurat_f, abyss_entry,
          hangedman_decor_points, grunt_hell_entry_dis_grunt,
          rand_demon_pan_entry_4, infiniplex_staircase_pillars_1
Depths:3: minmay_guarded_unrand_sceptre_of_torment, layout_cave_pools,
          abyss_entry, nicolae_vehumet_radiance, hell_entry,
          infiniplex_staircase_pool_1
Depths:4: grunt_zot_entry_tricorne, layout_basic, hell_entry, drop_trap,
          minmay_stone_trees_small
Zot:1:    layout_misc_corridors, grunt_ministairs_1
Zot:2:    layout_gridlike, st_stairs_7, bh_zot_ikea_curve,
          hangedman_snake_sidewinding
Zot:3:    layout_misc_corridors, lemuel_baited_zot_trap
Zot:4:    nicolae_zot_stationary_front, layout_onion, zot_minivault_5

Skill      XL: |  1  2  3  4  5  6  7  8  9 10 11 12 13 14 15 16 17 18 19 20 21 22 23 24 |
---------------+-------------------------------------------------------------------------+-----
Fighting       | 4 5 6 7 8 9 10 12 14 15 16 18 19 20 21 22 26 | 26.4
Axes           | 4 5 6 7 8 9 11 13 14 16 17 18 | 18.0
Throwing       | 1 2 3 4 6 7 9 10 12 14 15 18 19 20 22 25 27 | 27.0
Shields        | 1 2 3 5 7 9 10 13 15 16 20 21 | 21.0
Evocations     | 2 3 4 6 10 11 | 11.0
Armour         | 2 5 8 10 14 18 | 18.0
Dodging        | 2 5 7 10 11 | 11.0
Spellcasting   | |  1.0
Fire Magic     | |  2.1

Action                   |  1- 3 |  4- 6 |  7- 9 | 10-12 | 13-15 | 16-18 | 19-21 | 22-24 || total
-------------------------+-------+-------+-------+-------+-------+-------+-------+-------++-------
Melee: Hand axe          |    73 |   210 |   302 |   239 |    49 |       |       |       ||   873
       Headbutt          |     5 |    26 |    49 |   121 |   365 |   294 |   414 |   412 ||  1686
       Broad axe         |       |       |       |   489 |  1295 |  1082 |  1735 |  1590 ||  6191
Throw: Boomerang         |       |     4 |    18 |    20 |    43 |   422 |   217 |   257 ||   981
       Dart              |       |       |       |     8 |       |       |       |       ||     8
       Javelin           |       |       |       |       |    13 |    17 |    32 |    43 ||   105
       Throwing net      |       |       |       |       |       |       |       |     2 ||     2
Invok: Fiery Armour      |     2 |     1 |       |     1 |       |       |       |     2 ||     6
       Foxfire Swarm     |       |       |       |     1 |       |       |       |       ||     1
       Rising Flame      |       |       |       |       |       |     1 |       |       ||     1
Evoke: Wand              |       |     1 |    27 |     9 |    11 |     6 |     6 |     2 ||    62
       Tin of tremorston |       |       |       |     2 |     5 |     5 |     7 |     3 ||    22
       Condenser vane    |       |       |       |     1 |     3 |     5 |     6 |     6 ||    21
       Box of beasts     |       |       |       |       |       |     2 |       |     1 ||     3
  Use: Scroll            |     3 |     9 |     3 |    10 |    17 |     5 |     7 |    17 ||    71
       Potion            |       |       |       |     3 |     1 |     3 |     5 |    12 ||    24
 Stab: Paralysed         |       |     3 |    29 |       |       |       |       |       ||    32
       Confused          |       |       |       |       |     2 |       |       |       ||     2
       Held in net/web   |       |       |       |       |       |       |       |     2 ||     2
Armor: Robe              |     7 |       |       |       |       |       |       |       ||     7
       Leather armour    |    11 |    18 |       |       |       |       |       |       ||    29
       Scale mail        |       |    52 |    28 |       |       |       |       |       ||    80
       Plate armour      |       |       |    20 |       |   204 |   247 |   845 |    70 ||  1386
       Swamp dragon scal |       |       |    83 |    55 |    16 |   286 |       |       ||   440
       Ring mail         |       |       |       |   303 |   347 |       |       |       ||   650
       Skin              |       |       |       |       |     1 |       |       |       ||     1
       Gold dragon scale |       |       |       |       |       |       |       |   863 ||   863
Dodge: Dodged            |    43 |    81 |    88 |   252 |   337 |   358 |   323 |   280 ||  1762
Block: Kite shield       |       |    24 |   114 |   470 |   885 |   784 |   750 |   229 ||  3256
       Reflection        |       |       |       |       |    14 |    27 |    85 |    48 ||   174
       Tower shield      |       |       |       |       |       |    20 |   939 |  1506 ||  2465

Table legend: (Time is in decaauts)
 A = Elapsed time spent in this place.
 B = Non-inter-level travel time spent in this place.
 C = Inter-level travel time spent in this place.
 D = Time resting spent in this place.
 E = Time spent auto-exploring this place.
 F = Levels seen in this place.
 G = Mean time per level.
                   A        B        C        D        E       F      G
               +--------+--------+--------+--------+--------+-----+--------+
         Total |  83458 |  79097 |   4361 |  33452 |  29302 |  47 | 1775.7 |
       Dungeon |  19953 |  18000 |   1953 |   4607 |   9198 |  15 | 1330.2 |
          Lair |  10663 |  10079 |    584 |   3706 |   4384 |   6 | 1777.2 |
        Shoals |   5874 |   5757 |    117 |   1801 |   2625 |   4 | 1468.5 |
   Spider Nest |   5595 |   5421 |    174 |   1530 |   2796 |   4 | 1398.8 |
  Orcish Mines |   2283 |   2157 |    126 |    584 |   1084 |   2 | 1141.5 |
        Vaults |  19761 |  18752 |   1009 |  10223 |   5121 |   5 | 3952.2 |
        Depths |   7593 |   7310 |    283 |   4059 |   1984 |   4 | 1898.2 |
           Zot |  10184 |  10071 |    113 |   6148 |   1879 |   4 | 2546.0 |
        Bazaar |    102 |    102 |      0 |      0 |     75 |   1 |  102.0 |
         Sewer |    561 |    561 |      0 |    253 |    101 |   1 |  561.0 |
      Ice Cave |    886 |    886 |      0 |    538 |     55 |   1 |  886.0 |
               +--------+--------+--------+--------+--------+-----+--------+

Top non-repeatable levels by time:
Vaults:4: 6054 daAuts
Vaults:3: 4244 daAuts
Vaults:1: 3532 daAuts
   Zot:3: 3312 daAuts
Vaults:5: 3028 daAuts
   Zot:2: 2980 daAuts
Vaults:2: 2902 daAuts
  Lair:6: 2797 daAuts
   Zot:4: 2463 daAuts
  Lair:2: 2314 daAuts
Depths:2: 2275 daAuts
    D:13: 2106 daAuts
Depths:3: 2089 daAuts
    D:14: 2005 daAuts
    D:15: 1860 daAuts
